 Dungeon Crawl Stone Soup version 0.31-a0-237-g2d982f9f85 (webtiles) character file.

Game seed: 6426517595033514536

87 qw the Shooter (level 4, -4/36 HPs)
             Began as a Minotaur Hexslinger on July 11, 2023.
             Slain by a cerulean imp
             ... wielding a +1 spear
             ... summoned by Natasha
              (5 damage)
             ... on level 3 of the Dungeon.
             The game lasted 00:00:42 (2159 turns).

qw the Shooter (Minotaur Hexslinger)                Turns: 2159, Time: 00:00:42

Health: -4/36      AC:  6    Str: 13    XL:     4   Next: 28%
Magic:  4/4        EV: 11    Int: 10    God:
Gold:   126        SH:  0    Dex: 14    Spells: 4/5 levels left

rFire   . . .        Y - +2 sling
rCold   . . .        (no shield)
rNeg    . . .        c - +0 ring mail
rPois   .            (helmet restricted)
rElec   .            (no cloak)
rCorr   .            (no gloves)
SInv    .            g - +0 pair of boots
Will    .....        (no amulet)
Stlth   +            (no ring)
HPRegen 0.26/turn    (no ring)
MPRegen 0.09/turn

%: no passive effects
@: no status effects
A: horns 2, retaliatory headbutt
a: no special abilities


You were on level 3 of the Dungeon.
You visited 1 branch of the dungeon, and saw 3 of its levels.

You collected 126 gold pieces.


Innate Abilities, Weirdness & Mutations

You have a pair of horns on your head.
You reflexively headbutt those who attack you in melee.


   Skills:
 - Level 2.0 Fighting
 + Level 4.6 Ranged Weapons
 - Level 1.1 Armour
 - Level 2.1 Dodging
 - Level 1.0 Spellcasting
 - Level 2.0 Hexes


You had 4 spell levels left.
You knew the following spells:

 Your Spells              Type           Power      Damage    Failure   Level
a - Slow                  Hex            16%        N/A       32%         1

Your spell library contained the following spells:

 Spells                   Type           Power      Damage    Failure   Level
 Inner Flame              Hex/Fire       2%         N/A       82%         3
 Portal Projectile        Hex/Tloc       4%         N/A       82%         3
 Cause Fear               Hex            2%         N/A       97%         4

Inventory:

Hand Weapons
 Y - a +2 sling (weapon)
Armour
 c - a +0 ring mail (worn)
 g - a +0 pair of boots (worn)
Jewellery
 e - a +6 ring of dexterity
Scrolls
 a - a scroll of identify
 b - a scroll of noise {unknown}
Potions
 d - a potion of resistance {unknown}
 f - a potion of cancellation {unknown}

Dungeon Overview and Level Annotations

Branches:
Dungeon (3/15)

Altars:

Annotations:
D:3 Natasha


Message History

The cerulean imp hits you from afar with a +2 spear.
The cerulean imp closely misses you. Natasha claws you.
The cerulean imp hits you but does no damage.
The cerulean imp hits you from afar with a +2 spear.
You shoot a sling bullet.
The sling bullet closely misses Natasha.
The sling bullet hits the cerulean imp!
The cerulean imp is heavily wounded.
The cerulean imp disappears in a puff of smoke!
The cerulean imp hits you but does no damage.
Natasha barely misses you. The cerulean imp closely misses you.
You shoot a sling bullet.
The sling bullet closely misses Natasha.
The sling bullet hits the hobgoblin!
You kill the hobgoblin!
The cerulean imp closely misses you. Natasha misses you.
The cerulean imp hits you from afar with a +1 spear.
The cerulean imp hits you but does no damage.
Natasha barely misses you.
You shoot a sling bullet.
The sling bullet closely misses Natasha.
The cerulean imp closely misses you.
The cerulean imp hits you from afar with a +1 spear.
Natasha barely misses you.
The cerulean imp hits you from afar with a +1 spear.
You shoot a sling bullet.
The sling bullet closely misses Natasha.
The cerulean imp disappears in a puff of smoke!
Natasha closely misses you.
The cerulean imp hits you but does no damage.
You shoot a sling bullet. The sling bullet barely misses Natasha.
Natasha casts a spell at you. The magic dart hits you!
The cerulean imp closely misses you.
You shoot a sling bullet.
The sling bullet hits Natasha but does no damage.
Natasha is severely wounded.
Natasha casts a spell at you. The magic dart hits you.
The cerulean imp hits you from afar with a +1 spear.
You die...

.(....#.....###
##.....##
........###..>###
##...## .....<..#
#.....# #####
.##.#....###.##.#
#...#..# #.##.#
....##...#..##.#
....#
#.#.#.###.## ....
...... #..# ....
.##... ##@# #..
.##. #h#
#.5%=..5...
.............
...######......
.. ...... ...%..
..... ##.#.


You could see Natasha and a cerulean imp (summoned).

Vanquished Creatures
  4 adders (D:2)
  7 bats
  An endoplasm (D:1)
  A giant cockroach (D:1)
  2 goblins
  7 hobgoblins
  4 jackals (D:3)
  5 kobolds
  2 quokkas (D:2)
  8 ball pythons
  10 frilled lizards
  A rat (D:2)
52 creatures vanquished.

Notes
Turn   | Place    | Note
-------+----------+-------------------------------------------
     0 | D:1      | qw the Minotaur Hexslinger began the quest for the Orb.
     0 | D:1      | Reached XP level 1. HP: 16/16 MP: 1/1
     0 | D:1      | 0 ||| qw: Version: 0.3-a-52-g30416fa
     0 | D:1      | 0 ||| qw: Game counter: 5665
     0 | D:1      | 0 ||| qw: Melee chars always use a shield: true
     0 | D:1      | 0 ||| qw: God list: Okawaru
     0 | D:1      | 0 ||| qw: Allow faded altars: false
     0 | D:1      | 0 ||| qw: Do Orc after clearing Dungeon:15 true
     0 | D:1      | 0 ||| qw: Do second Lair branch before Depths: true
     0 | D:1      | 0 ||| qw: Lair rune preference: random
     0 | D:1      | 0 ||| qw: Goals: Normal
     0 | D:1      | 0 ||| PLANNING D:1-11
   187 | D:1      | Reached skill level 3 in Ranged Weapons
   273 | D:1      | Reached XP level 2. HP: 20/23 MP: 2/2
   350 | D:1      | 350 ||| UPGRADING to +0 leather armour.
   359 | D:1      | 359 ||| UPGRADING to +0 robe.
   390 | D:1      | 390 ||| UPGRADING to +0 leather armour.
   416 | D:1      | 416 ||| DROPPING +0 robe.
   539 | D:1      | Found a faded altar of an unknown god.
   561 | D:1      | 561 ||| UPGRADING to +0 ring mail.
   571 | D:1      | 571 ||| DROPPING +0 leather armour.
   585 | D:1      | 585 ||| UPGRADING to +0 pair of boots.
   904 | D:1      | 904 ||| READING scroll labelled NOADDU SUFFAPA.
   905 | D:1      | 905 ||| DROPPING scroll of poison.
   999 | D:2      | Reached XP level 3. HP: 21/29 MP: 3/3
  1337 | D:2      | HP: 7/29 [poisoned by a kobold]
  1464 | D:2      | Reached skill level 4 in Ranged Weapons
  1480 | D:2      | Reached skill level 1 in Armour
  1641 | D:2      | Reached XP level 4. HP: 36/36 MP: 4/4
  2041 | D:2      | 2041 ||| READING 2 scrolls labelled MOGURENTIM.
  2042 | D:2      | 2042 ||| READING scroll labelled PUFYOS FIT.
  2043 | D:2      | 2043 ||| READING scroll labelled EDGHIW NIEB.
  2048 | D:2      | 2048 ||| DRINKING 2 fuming golden potions.
  2049 | D:2      | 2049 ||| DROPPING potion of attraction.
  2139 | D:3      | Noticed Natasha
  2141 | D:3      | 2141 ||| Stepping ~*~*~tactically~*~*~ (outnumbered).
  2143 | D:3      | 2143 ||| Stepping ~*~*~tactically~*~*~ (outnumbered).
  2158 | D:3      | HP: 7/36 [Natasha/magic dart (9)]
  2159 | D:3      | HP: 1/36 [Natasha/magic dart (6)]
  2159 | D:3      | Slain by a cerulean imp

Levels and vault maps discovered:
D:1:      sevenhm_arrival_forest_fort_small_3, layout_loops_ring, serial_rivers,
          chequers_serial_rivers_micro_d, chequers_serial_rivers_micro_e,
          chequers_serial_rivers_micro_c, chequers_serial_rivers_micro_b,
          chequers_serial_rivers_micro_d,
          shapermc_ecumenical_altar_mp_ritualfount, corexii_corridor_pit,
          solitary_fountain, serial_bayou_lake_a
D:2:      minmay_skewed_foursquare, layout_basic, minmay_lizard_king
D:3:      layout_rooms, makhleb_altar_promises_db,
          mainiacjoe_overflow_cross_hatched, nicolae_yredelemnul_corpse_copse,
          uniq_natasha

Skill      XL: |  1  2  3 |
---------------+----------+-----
Ranged Weapons | 3 4 |  4.6
Fighting       | 2 |  2.0
Armour         | 1 |  1.1
Dodging        | |  2.1
Spellcasting   | |  1.0
Hexes          | |  2.0

Action                     |  1- 3 |  4- 6 || total
---------------------------+-------+-------++-------
   Fire: Sling             |   119 |    42 ||   161
    Use: Scroll            |     1 |     3 ||     4
         Potion            |       |     1 ||     1
 Armour: Ring mail         |    23 |    17 ||    40
         Robe              |     2 |       ||     2
  Dodge: Dodged            |    45 |    24 ||    69

Table legend:
 A = Non-vault XP
 B = Vault XP
 C = Vault XP percentage of total XP
 D = Non-vault monster count
 E = Vault monster count
 F = Vault count percentage of total count
                 A         B        C        D         E       F
            +---------+---------+-------+---------+---------+-------
      Total |      97 |      28 |  22.4 |      40 |      12 |  23.1
            +---------+---------+-------+---------+---------+-------
        D:1 |      27 |       0 |   0.0 |      17 |       0 |   0.0
        D:2 |      56 |      28 |  33.3 |      15 |      12 |  44.4
        D:3 |      14 |       0 |   0.0 |       8 |       0 |   0.0
            +---------+---------+-------+---------+---------+-------
